 Dungeon Crawl Stone Soup version 0.30.0-5-g1a98f26d00 (webtiles) character file.

Game seed: 13743705673171358482

821 McKennaii the Conjurer (level 7, -1/50 HPs)
             Began as a Demigod Conjurer on May 9, 2023.
             Slain by a gnoll
             ... wielding a +1 flail of venom
             ... led by a gnoll bouda
              (8 damage)
             ... on level 4 of the Dungeon.
             The game lasted 00:04:40 (4861 turns).

McKennaii the Conjurer (Demigod Conjurer)           Turns: 4861, Time: 00:04:41

Health: -1/50      AC:  6    Str:  8    XL:     7   Next: 36%
Magic:  10/18      EV: 12    Int: 28    God:
Gold:   191        SH:  0    Dex: 12    Spells: 9/16 levels left

rFire   + . .        t - +2 falchion (vamp)
rCold   + . .        (no shield)
rNeg    . . .        a - +0 robe
rPois   .            (no helmet)
rElec   .            h - scarf {rC+ rF+}
rCorr   .            (no gloves)
SInv    .            (no boots)
Will    .....        (no amulet)
Stlth   ++           o - ring of willpower
HPRegen 0.28/turn    n - +4 ring of protection
MPRegen 0.16/turn

%: no passive effects
@: lethally poisoned (-1 -> -10), weak-willed
A: high MP 1, forlorn, divine attributes
a: no special abilities


You were on level 4 of the Dungeon.
You visited 1 branch of the dungeon, and saw 6 of its levels.

You collected 191 gold pieces.

Inventory:

Hand Weapons
 t - a +2 vampiric falchion (weapon)
Armour
 a - a +0 robe (worn)
 h - a scarf of resistance (worn)
 l - a +0 ring mail of poison resistance
Jewellery
 n - a +4 ring of protection (right hand)
 o - a ring of willpower (left hand)
Wands
 p - a wand of polymorph (9)
 r - a wand of flame (6)
Scrolls
 d - 7 scrolls of identify {unknown}
 f - 2 scrolls of teleportation {unknown}
 g - 2 scrolls of vulnerability
 k - a scroll of blinking {unknown}
 s - a scroll of fog {unknown}
Potions
 b - 2 potions of magic
 c - a potion of ambrosia {unknown}
 e - 4 potions of curing {unknown}
 i - a potion of invisibility {unknown}
 j - 2 potions of heal wounds {unknown}
 m - a potion of might {unknown}
 q - a potion of degeneration {unknown}


   Skills:
 - Level 1.7 Dodging
 - Level 1.7 Stealth
 + Level 5.3 Spellcasting
 + Level 6.6 Conjurations


You had 9 spell levels left.
You knew the following spells:

 Your Spells              Type           Power      Damage    Failure   Level
a - Magic Dart            Conj           100%       1d8       1%          1
b - Searing Ray           Conj           88%        2d7       1%          2
c - Iskenderun's Mystic   Conj/Tloc      26%        2d7       16%         4

Your spell library contained the following spells:

 Spells                   Type           Power      Damage    Failure   Level
 Kiss of Death            Conj/Necr      100%       2d13      1%          1
 Dazzling Flash           Conj/Hex       52%        N/A       4%          3
 Slow                     Hex            28%        N/A       6%          1
 Mephitic Cloud           Conj/Pois/Air  19%        N/A       8%          3
 Poisonous Vapours        Pois/Air       14%        N/A       10%         2
 Fulminant Prism          Conj/Hex       13%        3d9       16%         4
 Call Canine Familiar     Summ           7%         N/A       19%         3
 Confusing Touch          Hex            7%         N/A       19%         3
 Portal Projectile        Hex/Tloc       14%        N/A       19%         3
 Swiftness                Air            7%         N/A       19%         3
 Vampiric Draining        Necr           7%         2d6       19%         3
 Airstrike                Air            3%         2d(1-17)  54%         4
 Dispel Undead            Necr           7%         3d8       54%         4
 Leda's Liquefaction      Hex/Erth       3%         N/A       54%         4
 Summon Ice Beast         Ice/Summ       7%         N/A       54%         4
 Freezing Cloud           Conj/Ice/Air   9%         6-21      58%         5
 Polar Vortex             Ice            3%         N/A       100%        9


Dungeon Overview and Level Annotations

Branches:
Dungeon (6/15)             Temple (0/1) D:4


Innate Abilities, Weirdness & Mutations

You have an increased reservoir of magic. (+10% MP)
You shall have no god before yourself.
Your divine heritage dramatically boosts your attributes as you level up.


Message History

The searing ray misses the gnoll.
A gnoll comes into view. It is wielding a +0 spear.
Unknown command.
The searing ray misses the gnoll.
The searing ray hits the gnoll!
The gnoll is severely wounded.
An orc wizard comes into view. It is wielding a +0 dagger.
Unknown command.
The searing ray hits the gnoll!
The gnoll is severely wounded.
The searing ray hits the water moccasin.
The water moccasin is moderately wounded.
You finish channelling your searing ray.
The orc wizard shouts!
The gnoll shouts!
The water moccasin bites you.
You are poisoned.
The water moccasin poisons you!
You feel very sick.
The gnoll hits you with a +1 flail of venom.
You feel very sick. The gnoll hits you with a +0 club.
The water moccasin bites you but does no damage.
You feel sick.
There is a stone staircase leading up here.
You feel sick. The water moccasin closely misses you.
The gnoll hits you but does no damage.
The gnoll hits you with a +1 flail of venom.
You are more poisoned.
The gnoll hits you from afar with a +0 spear.
You climb upwards.
You feel very sick.
There is a stone staircase leading down here.
As you read the scroll labelled MAV XINEAM, it crumbles to dust.
Magic quickly surges around you.
It was a scroll of vulnerability.
You feel very sick. The water moccasin bites you.
* * * LOW HITPOINT WARNING * * *
The gnoll hits you with a +0 club.
* * * LOW HITPOINT WARNING * * *
The gnoll hits you with a +1 flail of venom!
You die...

........#..#############....##'#.
#.......########.................
.....#.....#...#.)...............
...........+...#.................
..##....##.#...#.................
..##....##.#...#......#######....
...............#......# #....
...#..#.##.##..#S.....# #....
...#....##..#..#@g....# #....
...#.......##..#.g....#######....
.<##....#####..#............####.
..#............#............# #.
..#.)..........#............# #.
..##############............# #.
### ############## ##


You could see a water moccasin (weak-willed) and 2 gnolls.

Vanquished Creatures
  Grinder (D:4)
  Eustachio (D:4)
  A water moccasin (D:5)
  An ice beast (D:6)
  A howler monkey (D:5)
  A gnoll bouda (D:5)
  2 jellies
  Jessica (D:2)
  An iguana (D:5)
  A mummy (D:4)
  5 adders
  A worm (D:3)
  2 dart slugs
  3 orcs (D:4)
  6 ball pythons
  3 bats
  6 endoplasms
  7 giant cockroaches
  4 goblins
  3 hobgoblins
  2 jackals
  4 kobolds
  3 quokkas
  3 frilled lizards (D:2)
  3 rats
66 creatures vanquished.

Notes
Turn   | Place    | Note
-------+----------+-------------------------------------------
     0 | D:1      | McKennaii the Demigod Conjurer began the quest for the Orb.
     0 | D:1      | Reached XP level 1. HP: 14/14 MP: 5/5
   670 | D:1      | Reached XP level 2. HP: 20/20 MP: 4/7
  1265 | D:2      | Noticed Jessica
  1269 | D:2      | Killed Jessica
  1270 | D:2      | Reached skill level 4 in Conjurations
  1270 | D:2      | Reached XP level 3. HP: 26/26 MP: 3/9
  1273 | D:2      | Learned a level 2 spell: Searing Ray
  1838 | D:2      | Reached XP level 4. HP: 33/33 MP: 6/11
  1922 | D:2      | Got the Treatise on Gusty Ice
  1928 | D:2      | Learned a level 4 spell: Iskenderun's Mystic Blast
  3247 | D:4      | You fall into a shaft and drop 2 floors!
  3314 | D:5      | Entered Level 5 of the Dungeon
  3323 | D:5      | Reached XP level 5. HP: 25/38 MP: 2/13
  3408 | D:5      | Noticed a water moccasin
  3415 | D:5      | Reached skill level 5 in Conjurations
  3420 | D:5      | Killed a water moccasin
  3421 | D:5      | Reached XP level 6. HP: 40/45 MP: 0/15
  3858 | D:4      | Noticed Grinder
  3864 | D:4      | Killed Grinder
  3865 | D:4      | Reached skill level 5 in Spellcasting
  3865 | D:4      | Reached skill level 6 in Conjurations
  3865 | D:4      | Reached XP level 7. HP: 46/50 MP: 9/17
  4041 | D:4      | Found a staircase to the Ecumenical Temple.
  4224 | D:4      | Noticed Eustachio
  4338 | D:4      | Killed Eustachio
  4861 | D:4      | Slain by a gnoll

Illustrated notes

Levels and vault maps discovered:
D:1:      lightli_arrival_quake, layout_basic
D:2:      layout_loops_cross, kennysheep_generic_room_14, uniq_jessica
D:3:      layout_basic
D:4:      layout_gridville, slow_altar_1, nicolae_tso_carved_into_rock,
          minmay_temple_entry_gardened_gates,
          hangedman_abyss_or_decor_lesser_grid, uniq_eustachio, uniq_grinder
D:5:      layout_basic
D:6:      layout_rooms, uniq_pikel, uniq_menkaure

Skill      XL: |  1  2  3  4  5  6 |
---------------+-------------------+-----
Spellcasting   | 2 3 4 5 |  5.3
Conjurations   | 4 5 6 |  6.6
Dodging        | |  1.7
Stealth        | |  1.7

Action                     |  1- 3 |  4- 6 |  7- 9 || total
---------------------------+-------+-------+-------++-------
  Melee: Unarmed           |       |       |     6 ||     6
   Cast: Magic Dart        |    55 |    62 |    23 ||   140
         Searing Ray       |       |     9 |     8 ||    17
  Evoke: Wand              |       |       |     3 ||     3
    Use: Scroll            |       |       |     1 ||     1
 Armour: Robe              |     1 |     4 |    64 ||    69
  Dodge: Dodged            |     3 |    13 |    99 ||   115
